 Dungeon Crawl Stone Soup version 0.23-a0-494-g91793a9 (webtiles) character file.

88 JeffiDaFish the Grave Robber (level 4, -1/24 HPs)
             Began as a Deep Elf Necromancer on Dec 4, 2018.
             Slain by a kobold (3 damage)
             ... on level 3 of the Dungeon.
             The game lasted 00:09:07 (2219 turns).

JeffiDaFish the Grave Robber (Deep Elf Necromancer) Turns: 2219, Time: 00:09:07

Health: -1/24      AC:  3    Str:  4 (5)  XL:     4   Next: 29%
Magic:  2/11       EV: 13    Int: 20 (21) God:
Gold:   191        SH:  0    Dex: 14 (15) Spells: 3/10 levels left

rFire    . . .     SeeInvis .   e - +4 dagger (vamp)
rCold    . . .     Gourm    .   (no shield)
rNeg     . . .     Faith    .   a - +1 robe
rPois    .         Spirit   .   (no helmet)
rElec    .         Reflect  .   (no cloak)
rCorr    .         Harm     .   (no gloves)
MR       .....                  (no boots)
Stlth    ++........             (no amulet)
HPRegen  0.08/turn              (no ring)
MPRegen  0.12/turn              (no ring)

@: no status effects
A: no striking features
a: no special abilities


You were on level 3 of the Dungeon.
You were hungry.

You visited 1 branch of the dungeon, and saw 3 of its levels.

You collected 191 gold pieces.

Inventory:

Hand Weapons
 e - a +4 vampiric dagger (weapon)
Armour
 a - a +1 robe (worn)
Scrolls
 d - 4 scrolls of identify
 f - a scroll of teleportation
 g - a scroll of remove curse
Potions
 h - a potion of ambrosia
Comestibles
 b - 2 chunks of flesh
 c - 8 rations


   Skills:
 + Level 2.9 Dodging
 + Level 3.3 Stealth
 + Level 3.8 Spellcasting
 + Level 0.6 Hexes
 * Level 6.0 Necromancy


You had 3 spell levels left.
You knew the following spells:

 Your Spells              Type           Power        Failure   Level  Hunger
a - Pain                  Necr           ####         1%          1    None
b - Vampiric Draining     Necr           ####......   3%          3    ###....
c - Confuse               Hex            #.......     30%         3    ###....

Your spell library contained the following spells:

 Spells                   Type           Power        Failure   Level  Hunger
 Animate Skeleton         Necr           N/A          1%          1    None
 Confusing Touch          Hex            #.....       10%         1    None
 Regeneration             Chrm/Necr      ###.......   12%         3    ###....
 Gell's Gravitas          Tloc           #.........   36%         3    ###....
 Animate Dead             Necr           N/A          11%         4    ####...
 Petrify                  Tmut/Erth      #.......     78%         4    ####...
 Metabolic Englaciation   Hex/Ice        #.........   97%         5    ######.
 Yara's Violent Unravell  Hex/Tmut       #.........   97%         5    ######.


Dungeon Overview and Level Annotations

Branches:
Dungeon (3/15)

Altars:
Ashenzari
Gozag
Nemelex Xobeh
Wu Jian


Message History

Aiming: Pain (safe; 1% risk of failure)
Press: ? - help, Shift-Dir - straight line, f/p - worm
Aim: a worm (moderately wounded, chance to defeat MR: 89%)
The worm barely resists.
You see here a +0 robe.
A kobold comes into view.
The kobold shouts!
The kobold throws a stone.
The stone barely misses you.
You see here a stone.
You are too injured to fight recklessly!
The kobold hits you.
* * * LOW HITPOINT WARNING * * *
You hit the kobold.
You feel better.
The kobold is heavily wounded.
The kobold hits you.
* * * LOW HITPOINT WARNING * * *
You closely miss the kobold.
The kobold is heavily wounded.
The kobold hits you.
You die...

######### #........
######### #........
........# #........
........#######†.......
.........(...[?........
.......@###.###........
......K.# #.# #........
........# #.# #(.......
######### #.# #........
#.# #........ #.#
####....# #.# .##.#
#.#### #....#


You could see a kobold.

Vanquished Creatures
  Jessica (D:3)
  An adder (D:2)
  An ooze (D:2)
  2 dart slugs
  An orc (D:2)
  4 bats
  A giant cockroach (D:1)
  6 goblins
  6 hobgoblins
  6 kobolds
  2 quokkas
  2 ball pythons (D:1)
  6 frilled lizards
  6 rats
45 creatures vanquished.

Vanquished Creatures (others)
  3 toadstools (D:1)
3 creatures vanquished.

Grand Total: 48 creatures vanquished

Notes
Turn   | Place    | Note
-------+----------+-------------------------------------------
     0 | D:1      | JeffiDaFish the Deep Elf Necromancer began the quest for
                  | the Orb.
     0 | D:1      | Reached XP level 1. HP: 10/10 MP: 6/6
     4 | D:1      | Reached skill level 5 in Necromancy
    87 | D:1      | Reached XP level 2. HP: 8/15 MP: 6/8
  1486 | D:2      | Reached XP level 3. HP: 18/19 MP: 10/10
  1511 | D:2      | Learned a level 3 spell: Vampiric Draining
  1686 | D:2      | Learned a level 3 spell: Confuse
  1717 | D:2      | Found an ornate altar of the Wu Jian Council.
  1722 | D:2      | Found a sparkling altar of Nemelex Xobeh.
  2017 | D:2      | Found an opulent altar of Gozag.
  2171 | D:3      | Found a shattered altar of Ashenzari.
  2190 | D:3      | Noticed Jessica
  2208 | D:3      | Killed Jessica
  2208 | D:3      | Reached skill level 6 in Necromancy
  2208 | D:3      | Reached XP level 4. HP: 8/24 MP: 3/11
  2219 | D:3      | Slain by a kobold

Vault maps used:
D:1:      scummos_arrival_forest, minmay_gold_behind_fungi, serial_bayou_pond_e,
          dk_noncrumbling_4
D:2:      gammafunk_temple_overflow_statue, lemuel_coloured_pillars_altar
D:3:      nicolae_overflow_crystal_walls, ashenzari_altar_1, uniq_jessica

Skill      XL: |  1  2  3 |
---------------+----------+-----
Necromancy     | 5 6 |  6.0
Stealth        | 3 |  3.3
Dodging        | |  2.9
Spellcasting   | |  3.8
Hexes          | |  0.6

Action                   |  1- 3 |  4- 6 || total
-------------------------+-------+-------++-------
Melee: Dagger            |    83 |     2 ||    85
 Cast: Pain              |    29 |     2 ||    31
       Vampiric Draining |     5 |     1 ||     6
  Use: Scroll            |    12 |       ||    12
       Potion            |     6 |       ||     6
 Stab: Sleeping          |     5 |       ||     5
       Distracted        |     1 |       ||     1
  Eat: Chunk             |     5 |       ||     5
       Ration            |     1 |       ||     1
Armor: Robe              |    21 |       ||    21
Dodge: Dodged            |    66 |     1 ||    67

Table legend:
 A = Non-vault XP
 B = Vault XP
 C = Vault XP percentage of total XP
 D = Non-vault monster count
 E = Vault monster count
 F = Vault count percentage of total count
                 A         B        C        D         E       F
            +---------+---------+-------+---------+---------+-------
      Total |      89 |      37 |  29.4 |      44 |       1 |   2.2
            +---------+---------+-------+---------+---------+-------
        D:1 |      39 |       0 |   0.0 |      24 |       0 |   0.0
        D:2 |      43 |       0 |   0.0 |      15 |       0 |   0.0
        D:3 |       7 |      37 |  84.1 |       5 |       1 |  16.7
            +---------+---------+-------+---------+---------+-------
